 Dungeon Crawl Stone Soup version 0.20.0-4-g10b340a (webtiles) character file.

837 ChaseSP the Cleaver (level 7, 0/57 HPs)
             Began as a Hill Orc Fighter on May 27, 2017.
             Slain by an ogre
             ... wielding a +0 giant spiked club
              (10 damage)
             ... on level 5 of the Dungeon.
             The game lasted 00:07:33 (4068 turns).

ChaseSP the Cleaver (Hill Orc Fighter)              Turns: 4068, Time: 00:07:34

Health: 0/57       AC: 11    Str: 19    XL:     7   Next: 99%
Magic:  7/7        EV:  5    Int:  8    God:
Gold:   169        SH:  9    Dex: 15    Spells: 6/6 levels left

rFire    + . .     SeeInvis .   a - +0 war axe
rCold    x . .     Gourm    .   c - +0 shield
rNeg     . . .     Faith    .   q - +0 chain mail
rPois    .         Spirit   .   (no helmet)
rElec    .         Reflect  .   m - +0 cloak
rCorr    .         Harm     .   (no gloves)
MR       .....                  (no boots)
Stlth    ..........             (no amulet)
Regen    0.2/turn               n - ring of fire
MPRegen  0.1/turn               w - +3 ring of dexterity

@: no status effects
A: no striking features
a: no special abilities


You were on level 5 of the Dungeon.
You were not hungry.

You visited 1 branch of the dungeon, and saw 5 of its levels.

You collected 169 gold pieces.

Inventory:

Hand Weapons
 a - a +0 war axe (weapon)
 p - a +2 flail of protection
Missiles
 u - 16 bolts
Armour
 b - a +0 scale mail
 c - a +0 shield (worn)
 m - a +0 cloak (worn)
 q - a +0 chain mail (worn)
Jewellery
 n - a ring of fire (left hand)
 w - a +3 ring of dexterity (right hand)
Scrolls
 e - 2 scrolls of enchant armour {unknown}
 i - 5 scrolls of remove curse {unknown}
 j - 3 scrolls of enchant weapon {unknown}
 k - a scroll of fog {unknown}
 l - 2 scrolls of recharging {unknown}
 o - 5 scrolls of identify {unknown}
 r - 3 scrolls of teleportation {unknown}
 t - a scroll of fear {unknown}
Potions
 d - a potion of might
 h - 3 potions of curing
 x - 2 potions of agility {unknown}
 z - 2 potions of heal wounds {unknown}
 A - a potion of invisibility {unknown}
Books
 v - a book of Misfortune

   Spells                             Type                      Level
   a - Confusing Touch                Hexes                        1
   b - Confuse                        Hexes                        3
   c - Gell's Gravitas                Translocation                3
   d - Petrify                        Transmutation/Earth          4
   e - Metabolic Englaciation         Hexes/Ice                    5
   f - Yara's Violent Unravelling     Hexes/Transmutation          5
Comestibles
 f - 2 bread rations
 g - 5 chunks of flesh
 s - 4 fruits


   Skills:
 + Level 3.6 Fighting
 * Level 10.5 Axes
 + Level 5.2 Armour
 - Level 3.2 Shields


You had 6 spell levels left.
You didn't know any spells.

Dungeon Overview and Level Annotations

Branches:
Dungeon (5/15)
 Temple: D:4-7

Altars:
Fedhas
Gozag
Kikubaaqudgha
Qazlal
Trog
Xom
The Shining One

Shops:
D:4 }


Message History

The ogre hits you but does no damage.
Your shield and chain mail prevent you from hitting the ogre.
You block the ogre's attack.
You hit the ogre.
The ogre is lightly wounded.
You hit the ogre.
The ogre is lightly wounded.
The ogre hits you with a giant spiked club!
You are too injured to fight recklessly!
You are too injured to fight recklessly!
You are too injured to fight recklessly!
You are too injured to fight recklessly!
Your shield and chain mail prevent you from hitting the ogre.
The ogre is lightly wounded.
The ogre hits you with a giant spiked club!
* * * LOW HITPOINT WARNING * * *
You slash the ogre!
The ogre is moderately wounded.
The ogre hits you with a giant spiked club!
You die...

..# ########......
############........##.##
...................##...#
................).##.....
............≈..≈..#......
............≈≈≈≈......_..
...........≈≈_≈...#......
.............≈≈≈..##.....
............≈...@..# ...#
................O...# .##
.......................#
.....#######.......#####
.....# #.......#
#......## #......#
#......#


You could see an ogre.

Vanquished Creatures
  The ghost of UnbalancedOne the Ducker, a novice MiBe of Trog (D:5)
  A hound (D:5)
  3 orc priests
  An iguana (D:4)
  2 worker ants
  A howler monkey skeleton (D:4)
  6 adders
  2 worms
  A dart slug (D:3)
  4 leopard geckos
  16 orcs
  A ball python (D:4)
  7 bats
  4 giant cockroaches
  10 goblins
  8 hobgoblins
  9 jackals
  4 quokkas
  6 frilled lizards
  11 kobolds
  10 rats
  A plant (D:3)
109 creatures vanquished.

Notes
Turn   | Place    | Note
-------+----------+-------------------------------------------
     0 | D:1      | ChaseSP the Hill Orc Fighter began the quest for the Orb.
     0 | D:1      | Reached XP level 1. HP: 19/19 MP: 1/1
    56 | D:1      | Reached skill level 3 in Axes
   286 | D:1      | Reached XP level 2. HP: 26/26 MP: 2/2
   448 | D:1      | Reached skill level 4 in Axes
   498 | D:1      | Reached XP level 3. HP: 21/31 MP: 3/3
   801 | D:2      | Found a glowing golden altar of the Shining One.
   851 | D:2      | Reached skill level 5 in Axes
  1058 | D:2      | Noticed a fire elemental
  1059 | D:2      | Found a stormy altar of Qazlal.
  1060 | D:2      | Noticed an air elemental
  1061 | D:2      | Noticed a water elemental
  1061 | D:2      | Noticed an earth elemental
  1313 | D:3      | Reached XP level 4. HP: 39/39 MP: 4/4
  1420 | D:3      | Reached skill level 6 in Axes
  1579 | D:3      | HP: 1/39 [poisoned by an adder]
  2035 | D:3      | Reached XP level 5. HP: 10/45 MP: 5/5
  2271 | D:3      | Reached skill level 7 in Axes
  2391 | D:3      | Found a bloodstained altar of Trog.
  3093 | D:4      | Found Foada's Gadget Shop.
  3361 | D:4      | Reached skill level 8 in Axes
  3361 | D:4      | Reached XP level 6. HP: 50/51 MP: 6/6
  3376 | D:4      | Found a stormy altar of Qazlal.
  3376 | D:4      | Found an ancient bone altar of Kikubaaqudgha.
  3535 | D:4      | Found a shimmering altar of Xom.
  3731 | D:5      | Entered Level 5 of the Dungeon
  3948 | D:5      | Noticed UnbalancedOne's ghost (novice MiBe)
  3973 | D:5      | Killed UnbalancedOne's ghost
  3973 | D:5      | Reached skill level 10 in Axes
  3973 | D:5      | Reached skill level 5 in Armour
  3973 | D:5      | Reached XP level 7. HP: 23/57 MP: 7/7
  4049 | D:5      | Found a blossoming altar of Fedhas.
  4059 | D:5      | Found an opulent altar of Gozag.
  4068 | D:5      | Slain by an ogre

Skill      XL: |  1  2  3  4  5  6 |
---------------+-------------------+-----
Axes           | 3 4 5 6 8 10 | 10.5
Armour         | 5 |  5.2
Fighting       | |  3.6
Shields        | |  3.2

Action                   |  1- 3 |  4- 6 |  7- 9 || total
-------------------------+-------+-------+-------++-------
Melee: War axe           |   135 |   275 |    11 ||   421
  Use: Potion            |       |     1 |       ||     1
  Eat: Chunk             |     2 |     8 |     1 ||    11
Armor: Scale mail        |    78 |    53 |       ||   131
       Chain mail        |       |    72 |     4 ||    76
Dodge: Dodged            |    59 |    73 |     2 ||   134
Block: Shield            |    79 |   119 |     3 ||   201
